 Dungeon Crawl Stone Soup version 0.27-a0-1202-ge72e49191c (webtiles) character file.

Game seed: 6469551848596445992

38 Drazool the Magician (level 3, -1/26 HPs)
             Began as a Djinni Hedge Wizard on June 4, 2021.
             Slain by an adder (4 damage)
             ... on level 2 of the Dungeon.
             The game lasted 00:04:27 (1724 turns).

Drazool the Magician (Djinni Hedge Wizard)          Turns: 1724, Time: 00:04:28

Health: -1/26      AC:  2    Str:  9    XL:     3   Next: 65%
Gold:   37         EV: 12    Int: 16    God:
                   SH:  0    Dex: 12

rFire    + + .     SeeInvis .   a - +0 dagger
rCold    x . .     Faith    .   (no shield)
rNeg     . . .     Spirit   .   b - +0 robe
rPois    ∞         Reflect  .   c - +0 hat
rElec    .         Harm     .   (no cloak)
rCorr    .         Rampage  .   (no gloves)
Will     .....                  (boots unavailable)
Stlth    ++........             (no amulet)
HPRegen  0.08/turn              (no ring)
MPRegen  0.00/turn              (no ring)

@: flying
A: sickness immunity, fire resistance 2, cold vulnerability 1, float, innate
caster, hp casting, extra vitality 1
a: no special abilities


You were on level 2 of the Dungeon.
You visited 1 branch of the dungeon, and saw 2 of its levels.

You collected 37 gold pieces.


Innate Abilities, Weirdness & Mutations

You are immune to sickness and miasma.
You are immune to poison.
Your flesh is very heat resistant. (rF++)
You are vulnerable to cold. (rC-)
You float through the air rather than walking.
You learn spells naturally, not from books.
Your magical power is your life essence.
You have superior vitality. (+4 HP)


   Skills:
 + Level 0.3 Fighting
 - Level 2.1 Dodging
 - Level 1.5 Stealth
 * Level 3.4 Spellcasting


You couldn't memorise any spells.
You knew the following spells:

 Your Spells              Type           Power      Damage    Failure   Level
c - Call Imp              Summ           13%        N/A       7%          2
d - Mephitic Cloud        Conj/Pois/Air  13%        N/A       13%         3
f - Conjure Flame         Conj/Fire      13%        6-21      13%         3
m - Magic Dart            Conj           52%        1d5       4%          1
s - Slow                  Hex            13%        N/A       7%          2
z - Sandblast             Erth           26%        2d8       4%          1
B - Blink                 Tloc           N/A        N/A       7%          2
Your spell library was empty.

Inventory:

Hand Weapons
 a - a +0 dagger (weapon)
Armour
 b - a +0 robe (worn)
 c - a +0 hat (worn)
Scrolls
 d - a scroll of identify {unknown}
Potions
 e - 2 potions of curing {unknown}

Dungeon Overview and Level Annotations

Branches:
Dungeon (2/15)

Altars:

## ###
.. #..
. #.#.#
##.#. #
...
#.#S###
#$.@..#
#.#.#.#
.. 5.)
.. ##
.#.#.
#.#
#......
# # ###
#. ..
.#


You could see an adder (ally target) and a friendly crimson imp (summoned).


Message History

The adder closely misses you.
Your crimson imp misses the adder.
You closely miss the adder.
The adder is severely wounded.
The adder bites you.
* * * LOW HITPOINT WARNING * * *
The adder closely misses you.
Your crimson imp misses the adder.
You closely miss the adder.
The adder is severely wounded.
The adder barely misses you.
Your crimson imp closely misses the adder.
You hit the adder.
The adder is severely wounded.
The adder misses you.
Your crimson imp completely misses the adder.
You miss the adder.
The adder is severely wounded.
The adder bites you.
* * * LOW HITPOINT WARNING * * *
The adder barely misses you.
You closely miss the adder.
The adder is severely wounded.
The adder bites you.
* * * LOW HITPOINT WARNING * * *
You hit the adder but do no damage.
The adder is severely wounded.
The adder barely misses you.
You closely miss the adder.
The adder is severely wounded.
The adder misses you. The adder bites you.
You die...

Skill      XL: |  1  2 |
---------------+-------+-----
Spellcasting   | 3 |  3.4
Fighting       | |  0.3
Dodging        | |  2.1
Stealth        | |  1.5

Action                   || total
-------------------------++-------
Melee: Dagger            ||    33
 Cast: Magic Dart        ||    50
       Call Imp          ||     4
Armor: Robe              ||     2
Dodge: Dodged            ||    22

Levels and vault maps discovered:
D:1:      lightli_iron_boxes, layout_basic, shapermc_ecumenical_altar_gd,
          hex_tiny
D:2:      layout_loops_ring

Notes
Turn   | Place    | Note
-------+----------+-------------------------------------------
     0 | D:1      | Drazool the Djinni Hedge Wizard began the quest for the
                  | Orb.
     0 | D:1      | Reached XP level 1. HP: 15/15 MP: 0/0
   320 | D:1      | Reached XP level 2. HP: 18/21 MP: 0/0
   555 | D:1      | Reached skill level 3 in Spellcasting
   609 | D:1      | Found a faded altar of an unknown god.
   892 | D:1      | Reached XP level 3. HP: 21/25 MP: 0/0
   892 | D:1      | Learned a level 1 spell: Sandblast
   991 | D:1      | HP: 1/25 [frozen (4)]
  1724 | D:2      | Slain by an adder

Vanquished Creatures
  3 ball pythons (D:1)
  4 endoplasms (D:1)
  A goblin (D:1)
  4 hobgoblins (D:1)
  3 jackals (D:1)
  A kobold (D:2)
  A quokka (D:1)
  2 bats (D:1)
  4 frilled lizards (D:1)
  A rat (D:1)
24 creatures vanquished.

Vanquished Creatures (collateral kills)
  An adder (D:2)
  2 goblins (D:2)
  A kobold (D:1)
4 creatures vanquished.

Grand Total: 28 creatures vanquished

Table legend: (Time is in decaauts)
 A = Elapsed time spent in this place.
 B = Non-inter-level travel time spent in this place.
 C = Inter-level travel time spent in this place.
 D = Time resting spent in this place.
 E = Time spent auto-exploring this place.
 F = Levels seen in this place.
 G = Mean time per level.
                   A        B        C        D        E       F      G
               +--------+--------+--------+--------+--------+-----+--------+
         Total |   1723 |   1701 |     22 |      0 |   1563 |   2 |  861.5 |
       Dungeon |   1723 |   1701 |     22 |      0 |   1563 |   2 |  861.5 |
               +--------+--------+--------+--------+--------+-----+--------+

Top non-repeatable levels by time:
     D:1: 1696 daAuts
     D:2: 27 daAuts

Table legend:
 A = Non-vault XP
 B = Vault XP
 C = Vault XP percentage of total XP
 D = Non-vault monster count
 E = Vault monster count
 F = Vault count percentage of total count
                 A         B        C        D         E       F
            +---------+---------+-------+---------+---------+-------
      Total |      55 |       0 |   0.0 |      28 |       0 |   0.0
            +---------+---------+-------+---------+---------+-------
        D:1 |      39 |       0 |   0.0 |      24 |       0 |   0.0
        D:2 |      16 |       0 |   0.0 |       4 |       0 |   0.0
            +---------+---------+-------+---------+---------+-------
